Map: 2000 Atmospheres LE

Players

MaSa

  • Race: Terran Terran

Epic - Winner!

  • Race: Terran Terran

Event: DreamHack SC2 Masters 2021 Fall

VOD

Have the link to the VOD?

Description

Time

  • Played on: Aug. 8, 2021, 3:06 p.m.
  • Length: 20:08

All games in this series

Show
View Real Time Build Order
Export as new Build Order

MaSa Terran 

Build Orders: Cyclone Opening, Mech 

Get SALT Encoding   

  12  0:00  SCV  
  13  0:12  SCV  
  14  0:17  Supply Depot  
  14  0:24  SCV  
  15  0:38  SCV  
  15  0:39  Barracks  
  15  0:42  Refinery  
  16  0:48  Refinery  
  16  0:52  SCV  
  17  1:04  SCV  
  18  1:16  SCV  
  19  1:26  Reaper  
  19  1:29  Orbital Command  
  19  1:32  Supply Depot  
  20  1:42  Factory  
  20  1:54  SCV  
  20  1:58  Reaper  
  22  2:06  SCV  
  23  2:20  Command Center  
  23  2:21  SCV  
  24  2:26  Factory Tech Lab  
  24  2:33  SCV  
  25  2:39  Supply Depot  
  25  2:44  Cyclone  
  25  2:47  SCV  
  29  2:53  Starport  
  29  3:05  SCV  
  29  3:09  Barracks Tech Lab  
  28  3:17  Refinery  
  28  3:18  Refinery  
  28  3:19  Cyclone  
  31  3:23  SCV  
  32  3:35  Viking  
  32  3:36  SCV  
  35  3:41  Orbital Command  
  35  3:49  SCV  
  35  3:53  Siege Tank  
  39  4:01  SCV  
  40  4:08  Raven  
  40  4:09  SCV  
  43  4:13  SCV  
  44  4:18  Supply Depot  
  44  4:21  SCV  
  45  4:25  SCV  
  39  4:33  SCV  
  39  4:37  SCV  
  39  4:39  Siege Tank  
  39  4:45  SCV  
  43  4:49  SCV  
  43  4:51  Raven  
  46  4:54  Factory  
  46  4:57  SCV  
  46  4:58  Barracks Reactor  
  47  5:01  SCV  
  48  5:09  SCV  
  48  5:11  Siege Tank  
  48  5:13  SCV  
  53  5:21  SCV  
  53  5:25  SCV  
  55  5:33  SCV  
  56  5:37  SCV  
  56  5:42  Viking x2  
  61  5:45  SCV  
  62  5:50  SCV, Siege Tank  
  62  5:54  Siege Tank  
  62  5:56  Supply Depot  
  69  5:58  SCV  
  69  6:00  Supply Depot  
  70  6:15  Supply Depot  
  70  6:18  Viking, SCV x2  
  74  6:23  Siege Tank  
  77  6:30  SCV  
  73  6:39  SCV  
  71  6:41  Viking  
  71  6:43  SCV  
  71  6:45  Siege Tank  
  70  6:47  Viking  
  70  6:52  SCV  
  73  6:56  Command Center  
  73  7:00  SCV  
  72  7:05  SCV  
  65  7:11  Viking  
  65  7:12  SCV  
  62  7:17  Barracks Reactor, SCV, Viking  
  62  7:19  Factory  
  65  7:24  SCV, Engineering Bay  
  65  7:29  SCV  
  67  7:32  Siege Tank  
  67  7:36  SCV  
  71  7:38  Supply Depot x2  
  69  7:46  Siege Tank  
  72  7:52  SCV  
  72  7:55  SCV  
  72  7:57  Missile Turret  
  72  7:58  Command Center  
  74  7:59  Viking  
  74  8:00  Viking  
  74  8:05  SCV  
  79  8:08  SCV  
  80  8:17  SCV  
  79  8:20  SCV, Siege Tank  
  83  8:27  Refinery  
  83  8:29  Refinery, SCV  
  84  8:36  SCV  
  84  8:37  SCV  
  84  8:46  SCV  
  81  8:50  SCV  
  83  8:56  Supply Depot  
  83  8:57  Orbital Command  
  83  8:58  SCV  
  83  9:00  Siege Tank x2  
  89  9:03  SCV, Factory Reactor, Factory  
  90  9:10  SCV  
  90  9:11  Engineering Bay  
  90  9:14  Viking x2  
  90  9:15  SCV  
  90  9:16  Command Center  
  96  9:20  Sensor Tower  
  96  9:23  SCV  
  97  9:24  Missile Turret  
  97  9:26  SCV  
  97  9:27  SCV  
  99  9:36  Siege Tank x2  
  105  9:39  SCV  
  105  9:40  SCV  
  105  9:43  SCV  
  105  9:44  Viking  
  105  9:45  Viking  
  112  9:47  Factory Reactor  
  112  9:48  Hellion  
  114  9:58  Factory  
  114  9:59  Hellion  
  116  10:01  SCV x2  
  116  10:02  SCV  
  116  10:05  Planetary Fortress  
  119  10:09  Hellion  
  119  10:13  Siege Tank  
  119  10:14  SCV x3  
  127  10:17  Missile Turret  
  127  10:18  Viking  
  127  10:21  Refinery, Hellion  
  131  10:22  Missile Turret x2  
  131  10:24  Refinery  
  131  10:25  Armory  
  131  10:31  SCV x3, Hellion  
  131  10:33  Armory  
  136  10:38  Hellion x2  
  136  10:42  Factory Tech Lab  
  142  10:43  Orbital Command  
  142  10:47  SCV x2  
  146  10:50  Liberator x2  
  146  10:54  Command Center  
  148  10:58  Siege Tank  
  148  10:59  Hellion x2  
  155  11:04  Supply Depot x2, SCV  
  155  11:05  Supply Depot  
  142  11:22  SCV  
  142  11:23  Hellion, Siege Tank x2  
  142  11:24  Hellion  
  133  11:32  SCV x3  
  128  11:33  Hellion x2  
  128  11:36  Liberator  
  128  11:37  Hellion x3  
  123  11:42  SCV  
  123  11:44  SCV, Terran Vehicle Weapons Level 1  
  121  11:47  SCV x3  
  124  11:56  SCV  
  124  12:00  Infernal Pre-Igniter  
  125  12:01  SCV x2  
  125  12:02  SCV  
  125  12:03  Siege Tank  
  131  12:10  Missile Turret  
  131  12:12  SCV, Sensor Tower  
  131  12:15  Siege Tank x2  
  138  12:20  SCV  
  138  12:22  Hellion x4  
  131  12:25  Hellion  
  131  12:26  SCV  
  131  12:27  SCV  
  131  12:29  SCV  
  136  12:35  Siege Tank  
  136  12:36  Terran Vehicle And Ship Armor Level 1  
  135  12:37  SCV x2  
  135  12:41  Hellion  
  135  12:42  Hellion  
  135  12:45  SCV  
  135  12:47  Siege Tank x2  
  135  12:51  Planetary Fortress  
  142  12:57  SCV  
  143  13:04  Hellion  
  143  13:05  Hellion  
  147  13:06  Refinery  
  147  13:07  Siege Tank, Hellion  
  147  13:09  SCV  
  147  13:12  SCV  
  154  13:17  Missile Turret  
  154  13:19  Siege Tank x2  
  160  13:21  SCV  
  160  13:22  Liberator  
  160  13:24  SCV x3  
  160  13:25  SCV  
  160  13:32  Sensor Tower  
  160  13:39  Siege Tank  
  163  13:49  SCV  
  163  13:51  Refinery, Sensor Tower, Siege Tank  
  163  13:52  Starport, Siege Tank  
  168  14:01  SCV, Viking  
  168  14:02  SCV  
  172  14:04  SCV  
  172  14:08  Viking  
  169  14:11  Siege Tank  
  169  14:13  SCV  
  169  14:16  Starport  
  173  14:19  Terran Vehicle Weapons Level 2  
  173  14:23  Siege Tank  
  176  14:31  Viking, Command Center  
  173  14:34  Terran Vehicle And Ship Armor Level 2  
  173  14:38  Viking, Siege Tank  
  177  14:43  Siege Tank  
  177  14:44  Command Center  
  177  14:45  Hellion  
  185  14:47  Hellion  
  184  14:55  Starport Reactor, Starport Tech Lab  
  184  15:04  Hellion x2  
  184  15:05  Command Center  
  184  15:06  Viking  
  190  15:09  Siege Tank  
  193  15:19  Viking x2  
  197  15:30  Thor  
  197  15:32  Hellion  
  195  15:36  Viking  
  195  15:41  Thor  
  196  15:47  Thor  
  196  15:48  Viking x2  
  189  15:51  Viking  
  189  15:55  SCV x3  
  182  15:59  Viking  
  176  16:06  Orbital Command  
  176  16:11  Viking  
  174  16:13  Thor, Hellion x2  
  174  16:16  Mag-Field Accelerator  
  174  16:17  Smart Servos  
  184  16:21  SCV  
  184  16:22  Orbital Command, Missile Turret  
  184  16:24  Viking  
  187  16:31  Viking x3  
  186  16:41  Viking  
  186  16:42  SCV  
  179  16:54  Viking  
  179  16:56  Hellion  
  179  16:57  Hellion x2, Siege Tank x3, SCV  
  191  17:09  SCV, Hellion  
  186  17:18  SCV x3, Hellion  
  186  17:19  SCV  
  184  17:25  Hellion  
  184  17:29  Thor, SCV, Siege Tank  
  194  17:37  Siege Tank  
  192  18:00  Thor  
  192  18:04  SCV, Hellion x2  
  185  18:09  Thor  
  181  18:15  SCV  
  181  18:16  Siege Tank  
  166  18:29  SCV  
  166  18:30  Viking x2  
  166  18:32  SCV x3, Orbital Command  
  143  18:39  SCV  
  140  18:44  Siege Tank  
  140  18:46  SCV x3  
  146  18:56  Command Center  
  146  19:02  Viking  
  145  19:09  Hellion  
  147  19:16  Siege Tank x2  
  152  19:28  Siege Tank  
  152  19:29  Hellion x2  
  152  19:30  Viking  
  158  19:33  Viking  
  158  19:34  Viking  
  164  19:46  Hellion x2  
Show
View Real Time Build Order
Export as new Build Order

Epic Terran - Winner!

Build Orders:  

Get SALT Encoding   

  12  0:00  SCV  
  13  0:12  SCV  
  14  0:16  Supply Depot  
  14  0:24  SCV  
  15  0:38  SCV  
  15  0:40  Barracks  
  15  0:42  Refinery  
  16  0:50  SCV  
  16  0:52  Refinery  
  17  1:02  SCV  
  18  1:14  SCV  
  19  1:27  Reaper, Orbital Command  
  19  1:28  Supply Depot  
  20  1:43  Factory  
  20  1:52  SCV  
  21  1:59  Barracks Reactor  
  21  2:04  SCV  
  21  2:17  SCV  
  22  2:24  Command Center  
  22  2:30  Starport  
  22  2:32  SCV  
  23  2:39  Hellion  
  23  2:42  Hellion  
  27  2:48  Supply Depot  
  27  2:50  SCV  
  27  3:02  SCV  
  28  3:05  Hellion  
  28  3:08  Hellion  
  30  3:17  Medivac  
  30  3:19  SCV  
  33  3:32  SCV  
  34  3:36  Orbital Command, Factory Tech Lab  
  34  3:39  Refinery  
  34  3:44  Marine  
  34  3:45  Marine, SCV  
  37  3:49  Starport Tech Lab  
  37  3:57  SCV  
  37  3:58  Cyclone  
  37  4:02  SCV  
  42  4:07  Marine x2  
  44  4:11  SCV  
  44  4:14  SCV  
  44  4:15  Raven  
  48  4:18  Supply Depot  
  48  4:27  SCV x2  
  48  4:30  Marine x2  
  47  4:34  Siege Tank  
  44  4:41  SCV x2  
  44  4:42  Supply Depot  
  46  4:53  SCV x2  
  48  5:06  SCV x2  
  48  5:07  Siege Tank  
  53  5:09  Marine  
  53  5:10  Viking x2  
  58  5:18  SCV x2  
  60  5:21  Supply Depot  
  59  5:30  SCV x2  
  59  5:35  Marine  
  61  5:38  Supply Depot  
  61  5:40  Viking x2  
  65  5:44  SCV x2  
  67  5:53  Siege Tank  
  67  5:56  SCV x2  
  72  6:05  Command Center  
  72  6:08  SCV x2  
  72  6:10  Viking  
  76  6:16  Viking  
  76  6:17  Marine  
  79  6:20  SCV x2  
  79  6:32  SCV x2, Siege Tank  
  72  6:43  Viking  
  72  6:44  SCV x2  
  72  6:46  Viking  
  76  6:47  Barracks Tech Lab  
  76  6:50  Refinery  
  75  6:56  SCV x2  
  75  6:59  Barracks x2  
  76  7:06  Marine  
  70  7:10  Stimpack  
  70  7:11  Siege Tank  
  72  7:15  SCV x2  
  72  7:19  Viking  
  72  7:20  Engineering Bay x2  
  72  7:21  Viking  
  77  7:25  Marine  
  77  7:26  Supply Depot  
  77  7:28  SCV x2  
  80  7:40  SCV x2  
  80  7:43  Marine  
  83  7:47  Siege Tank  
  83  7:49  Barracks Reactor x2  
  86  7:52  Orbital Command  
  86  7:53  SCV x2  
  86  7:54  Barracks  
  86  7:56  Barracks  
  86  7:58  Viking  
  90  8:01  Viking  
  90  8:05  SCV  
  90  8:06  Marine, SCV  
  93  8:18  SCV x2  
  93  8:19  SCV  
  92  8:20  Refinery  
  92  8:21  Refinery  
  92  8:25  Siege Tank  
  92  8:26  Terran Infantry Armor Level 1, Terran Infantry Weapons Level 1  
  95  8:29  Supply Depot x2  
  95  8:30  Supply Depot  
  91  8:34  Marine x4  
  91  8:35  Marine  
  91  8:38  SCV x3  
  99  8:46  Barracks Reactor x2  
  88  8:51  Medivac x2  
  88  8:54  Marine x4  
  94  8:58  Combat Shield  
  94  9:03  Missile Turret x2  
  94  9:04  Siege Tank  
  94  9:06  Command Center  
  97  9:11  Marine  
  97  9:12  Marine x3  
  101  9:17  Marine, Factory  
  102  9:27  Marine x4, Medivac  
  102  9:28  Marine  
  102  9:29  Marine, Sensor Tower  
  102  9:30  Marine  
  102  9:31  SCV x3  
  114  9:32  Medivac  
  116  9:39  Marine  
  116  9:40  Marine, Armory  
  116  9:43  Missile Turret  
  116  9:45  Marine x4, Siege Tank  
  125  9:46  Marine  
  125  9:47  Marine  
  125  9:49  Supply Depot  
  125  9:50  Supply Depot  
  125  9:52  Marine  
  128  9:53  Missile Turret x2  
  128  9:55  SCV x2  
  128  9:56  SCV  
  128  9:57  Marine x2  
  133  10:02  Marine  
  133  10:03  Marine x3  
  133  10:04  Marine  
  133  10:06  Medivac  
  140  10:08  Factory Tech Lab  
  140  10:10  Sensor Tower  
  140  10:11  Medivac  
  140  10:14  SCV x3, Missile Turret  
  145  10:17  Planetary Fortress  
  145  10:24  Marine x9  
  145  10:28  Terran Infantry Armor Level 2  
  154  10:36  Terran Infantry Weapons Level 2  
  154  10:40  Missile Turret  
  154  10:41  Marine  
  154  10:42  Marine x5  
  160  10:44  Marine x3  
  160  10:48  SCV  
  160  10:49  SCV x2, Siege Tank  
  168  10:53  Siege Tank  
  171  10:58  Supply Depot  
  171  10:59  Supply Depot  
  171  11:00  Supply Depot x2  
  162  11:23  Marine x7, Marauder  
  145  11:27  Medivac x2  
  145  11:28  Siege Tank x2  
  145  11:39  Command Center  
  133  11:50  Marine x2, Refinery  
  133  11:51  Marine x3, Refinery, Starport  
  133  11:52  Barracks Tech Lab  
  133  11:53  Starport  
  138  11:55  Barracks Tech Lab  
  138  12:00  Siege Tank, Command Center  
  138  12:01  Medivac x2  
  145  12:05  Concussive Shells  
  145  12:09  Marauder  
  145  12:12  Marine x4, Marauder  
  145  12:13  Marine  
  123  12:30  Viking x2, Marauder  
  123  12:31  Viking x4  
  133  12:44  SCV x3  
  133  12:48  Missile Turret  
  133  12:50  Marine x3, Marauder x2  
  142  12:51  Marine  
  142  12:52  Marauder  
  142  12:56  SCV  
  142  12:57  SCV  
  147  13:02  Terran Ship Weapons Level 1  
  147  13:03  Terran Infantry Weapons Level 3  
  147  13:13  Terran Infantry Armor Level 3  
  147  13:14  SCV x2, Planetary Fortress  
  147  13:15  SCV  
  147  13:16  SCV  
  151  13:25  Viking x2  
  151  13:26  Orbital Command  
  155  13:33  SCV x3  
  158  13:36  SCV, Missile Turret  
  158  13:38  Fusion Core  
  159  13:51  Marine x3, Marauder x2  
  159  13:52  Marauder  
  167  14:11  Viking x4  
  167  14:12  Viking x2  
  176  14:17  SCV x3  
  176  14:20  SCV x3  
  181  14:27  Advanced Ballistics  
  181  14:29  SCV  
  180  14:38  Starport  
  180  14:40  Siege Tank x2  
  180  14:41  Starport  
  180  14:44  Missile Turret x2  
  180  14:45  Missile Turret  
  184  14:46  Liberator x2  
  190  14:55  Liberator x2  
  190  14:59  Liberator  
  197  15:05  Refinery x2  
  197  15:10  SCV x3  
  196  15:22  Viking  
  196  15:26  Marauder x2  
  198  15:28  Viking  
  198  15:29  Marine x2  
  198  15:30  Marine  
  189  15:38  Viking x2  
  189  15:39  Liberator  
  189  15:42  Liberator  
  174  15:58  Command Center  
  174  16:00  Smart Servos  
  174  16:01  Marine, Marauder  
  174  16:02  Marine, Marauder x2  
  181  16:11  SCV x5  
  185  16:20  Marine x3  
  185  16:21  Marine  
  185  16:22  Siege Tank x2  
  185  16:23  Marauder x2  
  199  16:37  Marauder  
  199  16:38  Marine x4  
  191  16:44  Marauder x2  
  189  16:47  Liberator x4  
  189  16:52  Starport Reactor x2  
  195  16:58  Marauder  
  191  17:08  Liberator x2  
  197  17:15  Orbital Command  
  197  17:23  Siege Tank  
  197  17:26  Command Center  
  200  17:33  Command Center  
  200  17:34  Neosteel Armor, Terran Ship Weapons Level 2, Hi-Sec Auto Tracking  
  194  17:57  Liberator x2  
  184  18:18  Marine x4, Marauder x2  
  184  18:19  Marauder  
  166  18:27  Siege Tank x2  
  145  18:34  Viking  
  145  18:35  Viking x7  
  145  18:36  Marine x2  
  145  18:40  Viking x2, Marauder x3  
  164  18:47  Marine x2  
  158  18:49  Planetary Fortress  
  158  18:51  Orbital Command  
  158  18:54  Marine  
  155  19:04  Viking, Marauder x3  
  155  19:05  Viking x7, Siege Tank  
  180  19:10  Orbital Command  
  180  19:14  Marine x4, Siege Tank  
  187  19:21  Unknown  
  187  19:28  Marauder x2  
  190  19:32  Marine x4  
  190  19:36  Missile Turret x2  
  199  19:46  Missile Turret  
  199  19:52  Missile Turret  

Tags
 
Add a new tag
Caveats
  • Supply blocks, unpowered buildings, or Contaminate may cause inaccurate times.
  • Supply counts are checked every 10 seconds.